 Dungeon Crawl Stone Soup version 0.31.0-9-g3a7656b989 (webtiles) character file.

Game seed: 9506230046088059297

96 Amplified the Trooper (level 4, 0/37 HPs)
             Began as a Mummy Fighter on Jan 25, 2024.
             Slain by an ogre
             ... wielding a +0 giant spiked club
              (25 damage)
             ... on level 5 of the Dungeon.
             The game lasted 00:04:30 (2905 turns).

Amplified the Trooper (Mummy Fighter)               Turns: 2905, Time: 00:04:31

Health: 0/37       AC:  6    Str: 21    XL:     4   Next: 41%
Magic:  4/4        EV:  9    Int:  7    God:
Gold:   224        SH:  4    Dex: 11    Spells: 3/3 levels left

rFire   x . .        a - +1 flail
rCold   + . .        c - +0 buckler
rNeg    + + +        b - +0 scale mail
rPois   ∞            (no helmet)
rElec   .            (no cloak)
rCorr   .            (no gloves)
SInv    .            (no boots)
Will    .....        (no amulet) Stlth
                     (no ring)
HPRegen 0.26/turn    (no ring)
MPRegen 0.09/turn

%: faith
@: no status effects
A: cold resistance 1, negative energy resistance 3, torment resistance 2, heat
vulnerability 1, in touch with death 1, no potions, faith
a: no special abilities


You were on level 5 of the Dungeon.
You visited 1 branch of the dungeon, and saw 6 of its levels.

You collected 224 gold pieces.

Inventory:

Hand Weapons
 a - a +1 flail (weapon)
Missiles
 d - 6 poisoned darts (quivered)
Armour
 b - a +0 scale mail (worn)
 c - a +0 buckler (worn)
Wands
 f - a wand of polymorph (2)
Scrolls
 e - 2 scrolls of identify


   Skills:
 * Level 3.7 Fighting
 * Level 2.3 Maces & Flails
 + Level 2.8 Armour
 * Level 3.1 Shields


You had 3 spell levels left.
You didn't know any spells.
Your spell library contained the following spells:

 Spells                   Type           Power      Damage    Failure   Level
 Ensorcelled Hibernation  Hex/Ice        0%         N/A       94%         2
 Fugue of the Fallen      Necr           0%         N/A       99%         3
 Anguish                  Hex/Necr       0%         N/A       100%        4


Dungeon Overview and Level Annotations

Branches:
Dungeon (6/15)
 Temple: D:4-7

Altars:
Ashenzari

Shops:
D:2 (


Innate Abilities, Weirdness & Mutations

You are immune to poison.
Your flesh is cold resistant. (rC+)
You are immune to negative energy. (rN+++)
You are immune to unholy pain and torment.
You are vulnerable to heat. (rF-)
You are in touch with the powers of death.
You do not drink.
You have a special connection with the divine. (Faith)


Message History

You barely miss something. Something hits you.
Unknown command.
Aiming: Polymorph
Press: ? - help, Shift-Dir - straight line A fire bat appears out of thin air!
Reactivating autopickup.
The fire bat bites you.
You are engulfed in flames!
The fire burns you terribly!
Unknown command.
Unknown command.
Things that are here:
a +0 hand axe; a +0 scale mail; a +0 dagger The orc attacks as it pursues you!
The orc hits you but does no damage.
You can't drink.
Unknown command.
Okay, then.
Okay, then.
As you read the scroll of fear, it crumbles to dust.
You assume a fearsome visage.
The fire bat looks frightened!
The orc looks frightened!
Found a scroll of identify.
e - 2 scrolls of identify (gained 1)
There are no items here.
Found 11 gold pieces.
Found a mace.
You now have 224 gold pieces (gained 11).
There are no items here.
Found a stone staircase leading down.
There is a stone staircase leading down here.
You climb downwards.
You hear the hiss of flowing sand.
There is an entrance to an ossuary on this level.
Hurry and find it before the portal is buried!
You hear the slow hiss of a distant avalanche of sand.
There is a stone staircase leading up here.
An ogre comes into view. It is wielding a +0 giant spiked club.
Found a stone staircase leading up.
The ogre shouts!
The ogre hits you with a +0 giant spiked club!!
Ouch! That really hurt!
You die...

..# ..# #
###.#
#.###.#.#
#.......#
......#
#...#######
#..@O....<#
#..########
#####.......#
#<....#####.#
####### #.#
#.# #.# #.#
#.#


You could see an ogre.

Vanquished Creatures
  3 adders
  A dart slug (D:3)
  2 orcs (D:4)
  6 ball pythons
  9 bats
  7 endoplasms
  5 giant cockroaches
  3 goblins (D:1)
  6 hobgoblins
  A jackal (D:2)
  3 quokkas
  4 frilled lizards
  6 kobolds
  5 rats
61 creatures vanquished.

Notes
Turn   | Place    | Note
-------+----------+-------------------------------------------
     0 | D:1      | Amplified the Mummy Fighter began the quest for the Orb.
     0 | D:1      | Reached XP level 1. HP: 18/18 MP: 1/1
   153 | D:1      | Reached XP level 2. HP: 16/24 MP: 2/2
   838 | D:1      | Reached XP level 3. HP: 29/29 MP: 3/3
   958 | D:2      | Found Xoni Ohe's Weapon Shop.
  1496 | D:2      | Reached XP level 4. HP: 29/35 MP: 4/4
  2454 | D:3      | You fall into a shaft and drop 3 floors!
  2789 | D:5      | Entered Level 5 of the Dungeon
  2814 | D:5      | Found a broken altar of Ashenzari.
  2828 | D:5      | Noticed a phantom
  2862 | D:4      | Noticed a fire bat
  2904 | D:5      | Noticed an ogre
  2905 | D:5      | Slain by an ogre

Illustrated notes

Levels and vault maps discovered:
D:1:      dpeg_arrival_oval, layout_basic
D:2:      layout_basic, serial_shops, nicolae_shop_advertising_works
          [nicolae_subvault_shop_adworks], minmay_increasing_density
D:3:      layout_basic, portal_sewer_entry_e, uniq_terence
D:4:      layout_loops_corners, elyvilon_altar_3, roderic_lattice_a,
          chequers_serial_rivers_micro_b
D:5:      layout_basic, mainiacjoe_overflow_brackets,
          mainiacjoe_overflow_surrounded_room, minmay_temple_entry_trees,
          nicolae_ossuary_entry_monument, uniq_blork_the_orc
D:6:      layout_basic, serial_shops, nicolae_shop_stone

Skill      XL: |  1  2  3 |
---------------+----------+-----
Maces & Flails | 2 |  2.3
Shields        | 3 |  3.1
Fighting       | |  3.7
Armour         | |  2.8

Action                     |  1- 3 |  4- 6 || total
---------------------------+-------+-------++-------
  Melee: Flail             |   147 |    50 ||   197
  Evoke: Wand              |       |     1 ||     1
    Use: Scroll            |     1 |     6 ||     7
 Armour: Scale mail        |   123 |    54 ||   177
  Dodge: Dodged            |    78 |    17 ||    95
  Block: Buckler           |    44 |     7 ||    51
